 Dungeon Crawl Stone Soup version 0.27-a0-1200-g94dc6ad4cf (webtiles) character file.

Game seed: 13401556044936047936

59 Feb132020 the Grave Robber (level 3, -10/19 HPs)
             Began as a Deep Elf Necromancer on May 30, 2021.
             Was a Plaything of Xom.
             Mangled by an ogre
             ... wielding a +0 giant spiked club
              (25 damage)
             ... on level 2 of the Dungeon.
             The game lasted 00:07:52 (2247 turns).

Feb132020 the Grave Robber (Deep Elf Necromancer)   Turns: 2247, Time: 00:07:54

Health: -10/19     AC:  2    Str:  5    XL:     3   Next: 78%
Magic:  6/10       EV: 12    Int: 19    God:    Xom [..*...]
Gold:   66         SH:  0    Dex: 16    Spells: 5/10 levels left

rFire    . . .     SeeInvis .   f - +1 short sword (flame)
rCold    . . .     Faith    .   (no shield)
rNeg     . . .     Spirit   .   a - +0 robe
rPois    .         Reflect  .   (no helmet)
rElec    .         Harm     .   (no cloak)
rCorr    .         Rampage  .   (no gloves)
Will     .....                  (no boots)
Stlth    ++........             (no amulet)
HPRegen  0.06/turn              (no ring)
MPRegen  0.12/turn              (no ring)

@: no status effects
A: no striking features
a: Renounce Religion


You were on level 2 of the Dungeon.
You worshipped Xom.
You were a toy of Xom.
You visited 1 branch of the dungeon, and saw 2 of its levels.

You collected 66 gold pieces.

Inventory:

Hand Weapons
 b - a +0 short sword
 f - a +1 short sword of flaming (weapon)
Armour
 a - a +0 robe (worn)
Scrolls
 c - a scroll of identify {unknown}
 d - a scroll of enchant armour {unknown}
 e - a scroll of noise {unknown}
 g - a scroll of immolation {unknown}
 j - a scroll of teleportation {unknown}
Potions
 h - a potion of curing {unknown}
 i - a potion of brilliance {unknown}


   Skills:
 + Level 0.2 Fighting
 + Level 2.5 Dodging
 + Level 2.7 Stealth
 + Level 4.0 Spellcasting
 + Level 5.9 Necromancy


You had 5 spell levels left.
You knew the following spells:

 Your Spells              Type           Power      Damage    Failure   Level
a - Pain                  Necr           100%       1d9       1%          1
b - Vampiric Draining     Necr           13%        2d7       3%          3
S - Animate Skeleton      Necr           52%        N/A       1%          1

Your spell library contained the following spells:

 Spells                   Type           Power      Damage    Failure   Level
 Animate Dead             Necr           13%        N/A       12%         4
 Agony                    Necr           26%        N/A       32%         5


Dungeon Overview and Level Annotations

Branches:
Dungeon (2/15)

Altars:
Xom
Yredelemnul


Message History

Unknown command.
Unknown command.
Casting: Pain (safe; 1% risk of failure)
Confirm with . or Enter, or press ? or * to list all spells.
Aiming: Pain (safe; 1% risk of failure)
Press: ? - help, Shift-Dir - straight line, f - ogre
Aim: an ogre, wielding a +0 giant spiked club (asleep, chance to affect: 84%)
The ogre shouts!
The ogre writhes in agony.
Unknown command.
Unknown command.
Unknown command.
Casting: Pain (safe; 1% risk of failure)
Confirm with . or Enter, or press ? or * to list all spells.
Aiming: Pain (safe; 1% risk of failure)
Press: ? - help, Shift-Dir - straight line, f/p - ogre
Aim: an ogre, wielding a +0 giant spiked club (lightly wounded, chance to affect: 84%)
The ogre writhes in agony.
Unknown command.
Unknown command.
Unknown command.
Casting: Pain (safe; 1% risk of failure)
Confirm with . or Enter, or press ? or * to list all spells.
Aiming: Pain (safe; 1% risk of failure)
Press: ? - help, Shift-Dir - straight line, f/p - ogre
Aim: an ogre, wielding a +0 giant spiked club (moderately wounded, chance to affect: 84%)
The ogre writhes in agony.
Unknown command.
Unknown command.
Unknown command.
Casting: Pain (safe; 1% risk of failure)
Confirm with . or Enter, or press ? or * to list all spells.
Aiming: Pain (safe; 1% risk of failure)
Press: ? - help, Shift-Dir - straight line, f/p - ogre
Aim: an ogre, wielding a +0 giant spiked club (moderately wounded, chance to affect: 84%)
The ogre writhes in agony!
The ogre hits you with a +0 giant spiked club!!
Ouch! That really hurt!
You die...
Xom chuckles heartily!

.. .. ##.##.# ..(... .(
.#### #.#...< ..##O# ♣
♣.♣.♣ ♣.#.##@# ........
...#..#.#
♣.♣.♣.♣.♣.♣.##.#.#
............##...#####.
♣.♣.♣.♣.♣.♣.'..†........
.....[......###.........
♣.♣.♣.♣.♣.♣.# #.######.#
............###.##
♣.♣.♣.♣.♣.♣......#


You could see an ogre.

Vanquished Creatures
  A gnoll (D:1)
  4 dart slugs
  5 ball pythons (D:1)
  5 endoplasms
  3 giant cockroaches
  5 goblins
  4 hobgoblins
  3 bats
  2 frilled lizards
  3 kobolds
  5 rats
40 creatures vanquished.

Notes
Turn   | Place    | Note
-------+----------+-------------------------------------------
     0 | D:1      | Feb132020 the Deep Elf Necromancer began the quest for the
                  | Orb.
     0 | D:1      | Reached XP level 1. HP: 10/10 MP: 6/6
    17 | D:1      | Reached skill level 5 in Necromancy
    19 | D:1      | Learned a level 1 spell: Animate Skeleton
   346 | D:1      | Reached XP level 2. HP: 11/15 MP: 2/8
  1201 | D:1      | Reached XP level 3. HP: 14/19 MP: 7/9
  1695 | D:2      | Found a faded altar of an unknown god.
  1701 | D:2      | Became a worshipper of Xom of Chaos
  1731 | D:2      | XOM: butterfly on damage
  1764 | D:2      | Learned a level 3 spell: Vampiric Draining
  2077 | D:2      | Found a basalt altar of Yredelemnul.
  2238 | D:2      | Noticed an ogre
  2247 | D:2      | Mangled by an ogre

Illustrated notes

Levels and vault maps discovered:
D:1:      minmay_arrival_glassed_features, layout_basic
D:2:      layout_basic, hellmonk_ecumenical_altar_crossroads, basic_altar,
          kennysheep_crisscross

Skill      XL: |  1  2  3 |
---------------+----------+-----
Necromancy     | 5 |  5.9
Spellcasting   | 4 |  4.0
Fighting       | |  0.2
Dodging        | |  2.5
Stealth        | |  2.7

Action                   || total
-------------------------++-------
Melee: Short sword       ||    33
 Cast: Pain              ||    54
       Animate Skeleton  ||     8
 Stab: Sleeping          ||     3
Armor: Robe              ||     6
Dodge: Dodged            ||    22

Table legend: (Time is in decaauts)
 A = Elapsed time spent in this place.
 B = Non-inter-level travel time spent in this place.
 C = Inter-level travel time spent in this place.
 D = Time resting spent in this place.
 E = Time spent auto-exploring this place.
 F = Levels seen in this place.
 G = Mean time per level.
                   A        B        C        D        E       F      G
               +--------+--------+--------+--------+--------+-----+--------+
         Total |   2249 |   2222 |     27 |     98 |   1838 |   2 | 1124.5 |
       Dungeon |   2249 |   2222 |     27 |     98 |   1838 |   2 | 1124.5 |
               +--------+--------+--------+--------+--------+-----+--------+

Top non-repeatable levels by time:
     D:1: 1632 daAuts
     D:2: 616 daAuts
